 Dungeon Crawl Stone Soup version 0.31.0-12-g77e489cdc1 (webtiles) character file.

Game seed: 15573266734203007225

174276 Tolg the Impaler (level 17, -2/166 HPs)
             Began as a Minotaur Fighter on Feb 17, 2024.
             Was the Champion of Trog.
             Succumbed to a redback's poison
             ... on level 4 of the Spider Nest.
             The game lasted 02:34:41 (30015 turns).

Tolg the Impaler (Minotaur Fighter)                Turns: 30015, Time: 02:34:42

Health: -2/166     AC: 29    Str: 28    XL:     17   Next: 44%
Magic:  2/25       EV: 14    Int:  5    God:    Trog [******]
Gold:   2285       SH: 13    Dex: 13    Spells: 16/16 levels left

rFire   . . .        S - +8 demon trident (elec)
rCold   . . .        b - +0 kite shield
rNeg    . . .        Q - +6 plate armour "Loxka" {Str+2}
rPois   .            (helmet restricted)
rElec   .            x - scarf {repulsion}
rCorr   .            F - +0 pair of gloves
SInv    .            w - +2 pair of boots
Will    +....        v - amulet of guardian spirit Stlth
                     f - +4 ring of slaying
HPRegen 0.47/turn    y - ring of magical power
MPRegen 0.19/turn

%: repel missiles, guardian spirit
@: lethally poisoned (-2 -> -34), about to teleport, on berserk cooldown
A: horns 2, retaliatory headbutt
a: Renounce Religion, Berserk, Trog's Hand, Brothers in Arms


You were on level 4 of the Spider Nest.
You worshipped Trog.
Trog was exalted by your worship.
You visited 5 branches of the dungeon, and saw 27 of its levels.
You also visited: Volcano.

You collected 2508 gold pieces.
You spent 223 gold pieces at shops.

Inventory:

Hand Weapons
 c - a +0 antimagic spear
 G - the +9 staff of Olgreb {rPois∞}
   (You took it off Arachne on level 2 of the Spider Nest)

   Radiate:   It can be activated via the 'a'bility menu to radiate toxic
   energy, with effectiveness depending on Evocations skill.
   Alch:      It enhances your alchemy magic.
   rPois∞: It grants immunity to poison.
   Trog disapproves of the use of such an item.
 P - a +2 trident of flaming
 S - a +8 demon trident of electrocution (weapon)
 X - the +10 spear "Qinuo" {freeze, rF+ rC+ rN+}
   (You took it off a spriggan on level 2 of the Lair of Beasts)

   rF+:       It protects you from fire.
   rC+:       It protects you from cold.
   rN+:       It protects you from negative energy.
 Z - the +1 war axe of Jeunuoc {antimagic, rF+ Str+6 Int-3}
   (You found it on level 4 of the Spider Nest)

   Str+6:     It affects your strength (+6).
   Int-3:     It affects your intelligence (-3).
   rF+:       It protects you from fire.
Missiles
 e - 15 stones (quivered)
 n - 4 throwing nets
Armour
 b - a +0 kite shield (worn)
 w - a +2 pair of boots (worn)
 x - a scarf of repulsion (worn)
 B - a +0 helmet
 F - a +0 pair of gloves (worn)
 H - a +0 cloak
 Q - the +6 plate armour "Loxka" (worn) {Str+2}
   (You took it off an orc warrior on level 8 of the Dungeon)

   Str+2:     It affects your strength (+2).
 T - a +2 plate armour of fire resistance
 V - a +4 scale mail of poison resistance
Jewellery
 f - a +4 ring of slaying (left hand)
 i - a +5 ring of evasion
 q - a +6 ring of strength
 s - a +5 ring of evasion
 v - an amulet of guardian spirit (around neck)
 y - a ring of magical power (right hand)
 O - a +6 ring of intelligence
Wands
 h - a wand of digging (15)
 l - a wand of flame (19)
 E - a wand of paralysis (15)
 K - a wand of mindburst (12)
 W - a wand of light (7)
Scrolls
 d - 10 scrolls of identify
 j - 3 scrolls of immolation
 p - a scroll of fog
 t - 3 scrolls of poison
 z - 3 scrolls of noise
 L - a scroll of revelation
 M - 6 scrolls of teleportation
 R - 2 scrolls of enchant armour
 U - a scroll of blinking
Potions
 a - 5 potions of ambrosia
 g - 5 potions of lignification
 k - 7 potions of heal wounds
 o - 3 potions of cancellation
 r - 2 potions of brilliance
 u - 2 potions of enlightenment
 A - 3 potions of curing
 C - 5 potions of haste
 D - 3 potions of attraction
 I - 5 potions of mutation
 J - 2 potions of magic
 Y - a potion of might


   Skills:
 + Level 18.8 Fighting
 * Level 20.7 Polearms
 - Level 1.0 Throwing
 + Level 17.3 Armour
 * Level 15.8 Dodging
 + Level 15.3 Shields
 - Level 0.9 Evocations


You had 16 spell levels left.
You didn't know any spells.
Your spell library contained the following spells:

 Spells                   Type           Power      Damage    Failure   Level
 Foxfire                  Conj/Fire      0%         2x1d4     98%         1
 Necrotise                Necr           0%         1d4       98%         1
 Summon Small Mammal      Summ           0%         N/A       98%         1
 Jinxbite                 Hex            0%         N/A       99%         2
 Fugue of the Fallen      Necr           0%         N/A       100%        3
 Ozocubu's Armour         Ice            0%         N/A       100%        3
 Vampiric Draining        Necr           0%         2d6       100%        3
 Manifold Assault         Tloc           0%         N/A       100%        4
 Martyr's Knell           Necr/Summ      0%         N/A       100%        4
 Passage of Golubria      Tloc           0%         N/A       100%        4
 Curse of Agony           Necr           0%         N/A       100%        5
 Silence                  Hex/Air        0%         N/A       100%        5
 Plasma Beam              Fire/Air       0%         2x1d10    100%        6
 Starburst                Conj/Fire      0%         6d3       100%        6
 Lehudib's Crystal Spear  Conj/Erth      0%         10d2      100%        8


Dungeon Overview and Level Annotations

Branches:
Dungeon (15/15)            Temple (1/1) D:7            Lair (5/5) D:10
  Swamp (0/4) Lair:3       Spider (4/4) Lair:3        Slime (0/5) Lair:4
    Orc (2/2) D:9             Elf (0/3) Orc:2        Vaults (0/5) D:14
 Depths (0/4) D:15        Volcano (visited)

Altars:
Ashenzari
Cheibriados
Dithmenos
Elyvilon
Fedhas
Gozag
Hepliaklqana
Kikubaaqudgha
Makhleb
Nemelex Xobeh
Okawaru
Qazlal
Ru
Sif Muna
Trog
Uskayaw
Vehumet
Wu Jian
Xom
Yredelemnul
Zin
The Shining One
Jiyva

Shops:
D:4 [:*[[   D:12 =   Orc:1 (   Orc:2 *?=

Portals:
Trove: D:12 (give 3 scrolls of blinking)

Annotations:
Lair:4 exclusion: oklob plant
Lair:5 exclusion: obsidian statue


Innate Abilities, Weirdness & Mutations

You have a pair of horns on your head.
You reflexively headbutt those who attack you in melee.


Message History

The meliai stings you but does no damage.
The redback misses you. The culicivora closely misses you.
The tarantella touches you but does no damage.
The meliai misses you.
The meliai stings you but does no damage.
The redback bites you!
* * * LOW HITPOINT WARNING * * *
You are lethally poisoned!
The redback poisons you! The culicivora barely misses you.
You feel better. You block the meliai's attack.
The meliai stings you but does no damage.
You block the tarantella's attack.
A jumping spider comes into view.
You block the meliai's attack.
The meliai stings you but does no damage.
The redback bites you.
* * * LOW HITPOINT WARNING * * *
The culicivora barely misses you. You furiously retaliate!
You headbutt the culicivora! You hit the culicivora.
Lightning courses through the culicivora!!
You kill the culicivora!
Trog accepts your kill. You block the meliai's attack.
The meliai stings you but does no damage.
You block the meliai's attack. x2
You hit the redback but do no damage. You headbutt the redback!
The redback is almost dead.
The redback bites you.
* * * LOW HITPOINT WARNING * * *
You are lethally poisoned!
The redback poisons you! You block the redback's attack.
The meliai hits you but does no damage. The meliai closely misses you.
The tarantella touches you!
* * * LOW HITPOINT WARNING * * *
The jumping spider misses you. The jumping spider bites you.
* * * LOW HITPOINT WARNING * * *
As you read the scroll of teleportation, it crumbles to dust.
You feel strangely unstable.
You die...

#....#####....#..#..
..#...#.°..##...#..#..
#...#^...#..#...#....
## #s..###..^#..#...#
#.###..#.^##...#..#.#^
#^.#.###^#..#..#..#.##
#..#.^#.###^#..#..#.#
#..#ss#..#.###.#..#.#
#.)#y@s##..#..###.#
#†.#s..###...# ##
#...#^.#....#.
#..#.^.##....#..
#..#.#^...#####^... ##
...##..# # ##.. ^##^
### . ## ##


You could see a jumping spider, a tarantella, 2 redbacks and a meliai.

Vanquished Creatures
  Arachne (Spider:2)
  Jorgrun (Spider:2)
  Rupert (Spider:1)
  Mlioglotl (Spider:4)
  Kirke (Lair:3)
  An emperor scorpion (Spider:1)
  3 ghost moths
  2 broodmothers
  An ironbound preserver (D:14)
  2 stone giants
  Azrael (Spider:1)
  4 dire elephants (Lair:5)
  3 entropy weavers
  The ghost of Typpah the Fighter, a journeyman MiFi of Trog (Lair:2)
  5 centaur warriors
  3 hydras
  3 jorogumos
  6 boulder beetles
  A catoblepas (Lair:3)
  3 ogre magi (Orc:2)
  2 radroaches
  The ghost of MatrixGlitch the Severer, a novice HOCA of Ignis (D:9)
  5 tengu warriors
  20 death yaks
  10 two-headed ogres
  The ghost of TangoThomas the Chopper, a novice DsFi of Uskayaw (D:8)
  3 orc high priests (Orc:2)
  6 demonic crawlers
  Sonja (Lair:1)
  Urug (D:11)
  2 spriggans (Lair:2)
  A skyshark (Lair:5)
  8 pharaoh ants
  A spectral death yak (Lair:5)
  7 orb spiders
  A spectral anaconda (Lair:5)
  2 spriggan druids (Lair:3)
  A skeletal warrior (D:14)
  An orc knight (Orc:1)
  A sun moth (Spider:3)
  3 necromancers (Lair:5)
  4 deep elf pyromancers
  4 steelbarb worms
  3 manticores
  5 cyclopes
  An orc sorcerer (Orc:1)
  20 ugly things
  6 wolf spiders
  Joseph (Lair:1)
  2 kobold blastminers (Orc:1)
  11 meliai
  4 moths of wrath
  18 elephants
  5 black mambas
  A dire elephant zombie (Lair:5)
  16 cane toads
  A cane toad (shapeshifter) (D:15)
  4 torpor snails
  2 gargoyles (Volcano)
  2 efreet
  An unseen horror (D:11)
  4 rime drakes (Lair:5)
  5 komodo dragons
  5 kobold demonologists
  A tengu conjurer (D:12)
  7 trolls
  A queen bee (D:12)
  19 tarantellas
  3 hornets
  32 blink frogs
  A spectral elephant (Lair:5)
  7 dream sheep (Lair:5)
  30 jumping spiders
  10 slime creatures
  Sigmund (D:3)
  22 culicivoras
  A shadow (D:12)
  2 vampires
  2 water elementals (D:13)
  60 yaks
  3 hogs (Lair:3)
  7 basilisks
  2 wraiths
  11 wargs (Orc:2)
  5 wyverns
  6 fire elementals
  50 redbacks
  3 vampire mosquitoes (D:12)
  2 steam dragons
  3 death yak simulacra (Lair:5)
  3 acid dragons
  12 water moccasins
  3 spectral cane toads (Lair:5)
  3 hell hounds (Spider:1)
  13 orc warriors
  An ice beast (D:7)
  A black bear (Lair:4)
  An elephant zombie (Lair:5)
  A sky beast (shapeshifter) (D:15)
  A sky beast (D:7)
  2 laughing skulls (D:12)
  15 ogres
  12 wolves
  9 centaurs
  An elephant skeleton (Lair:5)
  2 phantoms
  3 kobold brigands
  3 gnoll sergeants
  Blork the orc (D:4)
  An earth elemental (Volcano)
  16 bullfrogs
  A scorpion (D:7)
  2 cane toad simulacra (Lair:5)
  9 wights
  3 elephant simulacra (Lair:5)
  21 killer bees (D:12)
  2 electric eels (D:13)
  4 howler monkeys
  A bombardier beetle (D:7)
  24 orc priests
  2 gnoll boudas
  3 hounds
  3 sleepcaps
  5 iguanas
  20 orc wizards
  5 hell rats (Lair:5)
  A mummy (D:4)
  10 adders
  20 gnolls
  2 shadow imps (D:7)
  3 white imps
  2 ufetubi (D:4)
  A dart slug (D:3)
  4 ribbon worms
  101 orcs
  8 ball pythons
  2 endoplasms
  2 giant cockroaches (D:3)
  7 goblins
  5 hobgoblins
  2 jackals (D:1)
  3 quokkas
  6 bats
  2 frilled lizards
  A goblin zombie (D:4)
  A hobgoblin zombie (D:4)
  19 kobolds
  A rat (D:3)
950 creatures vanquished.

Vanquished Creatures (others)
  A culicivora (Spider:1)
  A dart slug (D:3)
2 creatures vanquished.

Grand Total: 952 creatures vanquished

Notes
Turn   | Place    | Note
-------+----------+-------------------------------------------
     0 | D:1      | Tolg the Minotaur Fighter began the quest for the Orb.
     0 | D:1      | Reached XP level 1. HP: 19/19 MP: 0/0
     2 | D:1      | Noticed a djinni
     2 | D:1      | Noticed an armataur
     4 | D:1      | Noticed a felid
     4 | D:1      | Noticed a merfolk
     6 | D:1      | Noticed an oni
     6 | D:1      | Noticed a formicid
     8 | D:1      | Noticed an octopode
    10 | D:1      | Noticed a demigod
    10 | D:1      | Noticed a naga
    12 | D:1      | Noticed a gargoyle
    12 | D:1      | Noticed a troll
    14 | D:1      | Noticed a vine stalker
    14 | D:1      | Noticed a human
    16 | D:1      | Noticed a ghoul
    18 | D:1      | Noticed a minotaur
    18 | D:1      | Noticed a spriggan
    20 | D:1      | Noticed a vampire
    20 | D:1      | Noticed a barachi
    22 | D:1      | Noticed an elf
    22 | D:1      | Noticed a tengu
    26 | D:1      | Noticed a demonspawn
    26 | D:1      | Noticed a draconian
   193 | D:1      | Reached XP level 2. HP: 27/27 MP: 1/1
   992 | D:2      | Reached XP level 3. HP: 33/33 MP: 2/2
  1544 | D:3      | Reached skill level 3 in Polearms
  1554 | D:3      | Reached skill level 1 in Dodging
  1727 | D:3      | Found a snail-covered altar of Cheibriados.
  1742 | D:3      | You fall into a shaft and drop 3 floors!
  1770 | D:5      | Entered Level 5 of the Dungeon
  1792 | D:5      | Reached XP level 4. HP: 40/40 MP: 3/3
  1800 | D:5      | Reached skill level 4 in Polearms
  1800 | D:5      | Reached XP level 5. HP: 35/47 MP: 4/4
  1890 | D:5      | Reached skill level 5 in Armour
  1894 | D:5      | Reached XP level 6. HP: 21/53 MP: 5/5
  1933 | D:5      | Reached skill level 5 in Polearms
  2225 | D:5      | Noticed a water moccasin
  2231 | D:5      | Killed a water moccasin
  2377 | D:5      | Reached skill level 5 in Fighting
  2377 | D:5      | Reached XP level 7. HP: 61/61 MP: 6/6
  2438 | D:5      | Reached skill level 6 in Polearms
  2882 | D:4      | Found Gudgha Doxea's Antique Armour Shop.
  3146 | D:4      | Found Xieth's General Store.
  3150 | D:4      | Found Valiho's Book Shop.
  3172 | D:4      | Found Zoileto's Antique Armour Shop.
  3181 | D:4      | Bought a pair of boots for 90 gold pieces
  3202 | D:4      | Found Xeskyts's Antique Armour Shop.
  3565 | D:4      | Noticed Blork the orc
  3575 | D:4      | Killed Blork the orc
  4084 | D:3      | Found a white marble altar of Elyvilon.
  4127 | D:3      | Noticed Sigmund
  4140 | D:3      | Killed Sigmund
  4141 | D:3      | Reached skill level 7 in Polearms
  4141 | D:3      | Reached XP level 8. HP: 69/69 MP: 7/7
  4155 | D:3      | Found a faded altar of an unknown god.
  4164 | D:3      | Got Plato's Anthology of Convocation
  5175 | D:6      | Reached skill level 8 in Polearms
  5201 | D:6      | Reached skill level 5 in Dodging
  5201 | D:6      | Reached skill level 5 in Shields
  5226 | D:6      | Found an iron altar of Okawaru.
  5485 | D:6      | Found a shimmering blue altar of Sif Muna.
  5501 | D:6      | Got Sif Muna's Discourse on Bewitchment
  5507 | D:6      | Found a bloodstained altar of Trog.
  5511 | D:6      | Became a worshipper of Trog the Wrathful
  5579 | D:6      | Reached XP level 9. HP: 75/75 MP: 8/8
  5888 | D:4      | Bought a pair of gloves for 85 gold pieces
  6032 | D:7      | Reached skill level 9 in Polearms
  6184 | D:7      | Found a hide-covered altar of Uskayaw.
  6191 | D:7      | Found an ornate altar of the Wu Jian Council.
  6324 | D:7      | Found a staircase to the Ecumenical Temple.
  6365 | D:7      | Reached * piety under Trog
  6697 | Temple   | Entered the Ecumenical Temple
  6764 | D:7      | Reached skill level 10 in Polearms
  6892 | D:8      | Paralysed by a hornet for 3 turns
  6932 | D:8      | Reached ** piety under Trog
  6956 | D:8      | Noticed a two-headed ogre
  6965 | D:8      | Killed a two-headed ogre
  6966 | D:8      | Reached XP level 10. HP: 86/86 MP: 9/9
  7278 | D:8      | Found a runed translucent gate.
  7279 | D:8      | Found a runed translucent gate.
  7280 | D:8      | Noticed TangoThomas's ghost (novice DsFi)
  7281 | D:8      | Found a runed translucent gate.
  7281 | D:8      | Identified the +6 plate armour "Loxka" {Str+2}
  7312 | D:8      | Killed TangoThomas's ghost
  7313 | D:8      | Reached skill level 11 in Polearms
  7327 | D:8      | HP: 4/86 [orc warrior/+0 spear (4)]
  7940 | D:8      | Identified the +1 cloak "Akeathrirgh" {Rampage}
  8116 | D:9      | Found a transporter.
  8119 | D:9      | Found a transporter.
  8128 | D:9      | Found a transporter.
  8128 | D:9      | Found a transporter.
  8191 | D:9      | Found a runed translucent door.
  8191 | D:9      | Noticed MatrixGlitch's ghost (novice HOCA)
  8262 | D:9      | Killed MatrixGlitch's ghost
  8263 | D:9      | Reached skill level 10 in Armour
  8347 | D:9      | Identified a scroll of acquirement
  8348 | D:9      | Acquired a manual of Polearms
  8364 | D:9      | Reached skill level 12 in Polearms
  8575 | D:9      | Found a transporter.
  8576 | D:9      | Found a transporter.
  8655 | D:9      | Reached XP level 11. HP: 89/95 MP: 10/10
  8675 | D:9      | Reached skill level 13 in Polearms
  8688 | D:9      | Reached *** piety under Trog
  8933 | D:9      | Found a staircase to the Orcish Mines.
  9023 | D:10     | Entered Level 10 of the Dungeon
  9023 | D:10     | Noticed a death yak
  9023 | D:10     | Noticed a death yak
  9023 | D:10     | Noticed a death yak
  9023 | D:10     | Noticed a death yak
  9023 | D:10     | Noticed a death yak
  9023 | D:10     | Noticed a death yak
  9023 | D:10     | Noticed a death yak
  9023 | D:10     | Found a staircase to the Lair.
  9033 | D:10     | Killed a death yak
  9037 | D:10     | Killed a death yak
  9041 | D:10     | Killed a death yak
  9042 | D:10     | Reached skill level 14 in Polearms
  9046 | D:10     | Killed a death yak
  9052 | D:10     | Killed a death yak
  9059 | D:10     | Killed a death yak
  9065 | D:10     | Killed a death yak
  9209 | D:10     | Reached skill level 10 in Fighting
  9882 | D:11     | Reached **** piety under Trog
  9894 | D:11     | Reached skill level 10 in Dodging
  9950 | D:11     | Noticed Urug
  9954 | D:11     | Noticed a boulder beetle
  9971 | D:11     | Killed Urug
  9972 | D:11     | Reached XP level 12. HP: 60/108 MP: 11/11
 10007 | D:11     | Killed a boulder beetle
 10943 | D:12     | Noticed a tengu warrior
 10952 | D:12     | Killed a tengu warrior
 11144 | D:12     | Noticed a boulder beetle
 11157 | D:12     | Killed a boulder beetle
 11340 | D:12     | Reached ***** piety under Trog
 11537 | D:12     | Found Sowkikan's Jewellery Shoppe.
 11762 | D:12     | Found a portal to a secret trove of treasure.
 12042 | D:13     | Noticed a centaur warrior
 12051 | D:13     | Killed a centaur warrior
 12094 | D:13     | Noticed a two-headed ogre
 12101 | D:13     | Killed a two-headed ogre
 12516 | D:13     | Reached XP level 13. HP: 84/119 MP: 12/12
 13166 | D:14     | Found a gate to the Vaults.
 13166 | D:14     | Noticed an ironbound preserver
 13178 | D:14     | Killed an ironbound preserver
 13204 | D:14     | Reached skill level 10 in Shields
 13636 | D:14     | Received a gift from Trog
 14197 | D:15     | Entered Level 15 of the Dungeon
 14289 | D:15     | Reached skill level 15 in Armour
 14294 | D:15     | Found a basalt altar of Yredelemnul.
 14480 | D:15     | Reached XP level 14. HP: 133/133 MP: 13/13
 14625 | D:15     | Found a staircase to the Depths.
 14625 | D:15     | Noticed a stone giant
 14631 | D:15     | Killed a stone giant
 15316 | Orc:1    | Entered Level 1 of the Orcish Mines
 15374 | Orc:1    | Reached skill level 15 in Fighting
 15520 | Orc:1    | Found Utseer's Weapon Emporium.
 16129 | Orc:2    | Entered Level 2 of the Orcish Mines
 16156 | Orc:2    | Received a gift from Trog
 16428 | Orc:2    | Found Aniwk's General Store.
 16624 | Orc:2    | Found Kovvurch's Jewellery Emporium.
 16952 | Orc:2    | Found Gatoic's Magic Scroll Emporium.
 16972 | Orc:2    | Bought a scroll of identify for 24 gold pieces
 16972 | Orc:2    | Bought a scroll of identify for 24 gold pieces
 17021 | Orc:2    | Found a staircase to the Elven Halls.
 17486 | Lair:1   | Entered Level 1 of the Lair of Beasts
 17513 | Lair:1   | Noticed Joseph
 17523 | Lair:1   | Killed Joseph
 17591 | Lair:1   | Noticed Sonja
 17599 | Lair:1   | Killed Sonja
 18183 | Lair:1   | You fall into a shaft and drop 1 floor!
 18281 | Lair:2   | Reached ****** piety under Trog
 18311 | Lair:2   | Identified the +10 spear "Qinuo" {freeze, rF+ rC+ rN+}
 18312 | Lair:2   | Found a runed translucent door.
 18312 | Lair:2   | Noticed Typpah's ghost (journeyman MiFi)
 18327 | Lair:2   | Killed Typpah's ghost
 18819 | Lair:2   | Received a gift from Trog
 18871 | Lair:2   | Reached XP level 15. HP: 131/144 MP: 14/14
 18877 | Lair:2   | Reached skill level 15 in Polearms
 19735 | Lair:3   | Noticed Kirke
 19746 | Lair:3   | Killed Kirke
 19760 | Lair:3   | Found a hole to the Spider Nest.
 19937 | Lair:3   | Reached skill level 16 in Polearms
 20219 | Lair:3   | Found a staircase to the Swamp.
 20849 | Lair:4   | Received a gift from Trog
 20863 | Lair:4   | Reached skill level 17 in Polearms
 21171 | Lair:4   | Found a viscous altar of Jiyva.
 21725 | Lair:4   | Found a staircase to the Slime Pits.
 21911 | Lair:5   | Entered Level 5 of the Lair of Beasts
 21996 | Lair:5   | Reached skill level 18 in Polearms
 22000 | Lair:5   | Reached skill level 1 in Throwing
 22192 | Lair:5   | Found a dark tunnel.
 22267 | Volcano  | Entered a volcano
 22319 | Volcano  | Received a gift from Trog
 22836 | Lair:5   | Reached XP level 16. HP: 155/155 MP: 15/15
 23488 | Lair:5   | Reached skill level 19 in Polearms
 24125 | Spider:1 | Entered Level 1 of the Spider Nest
 24423 | Spider:1 | Noticed Rupert
 24424 | Spider:1 | Paralysed by Rupert for 4 turns
 24433 | Spider:1 | Killed Rupert
 24513 | Spider:1 | Received a gift from Trog
 24816 | Spider:1 | Reached skill level 15 in Dodging
 24858 | Spider:1 | Noticed Azrael
 24877 | Spider:1 | Killed Azrael
 25927 | Spider:2 | Noticed Jorgrun
 25945 | Spider:2 | Killed Jorgrun
 26231 | Spider:2 | Received a gift from Trog
 27144 | Spider:2 | Reached skill level 20 in Polearms
 27462 | Spider:2 | Noticed Arachne
 27478 | Spider:2 | Killed Arachne
 27883 | Spider:3 | Reached XP level 17. HP: 166/166 MP: 16/16
 28243 | Spider:3 | Reached skill level 15 in Shields
 29121 | Spider:3 | Paralysed by a jorogumo for 2 turns
 29126 | Spider:3 | Paralysed by a jorogumo for 1 turns
 29726 | Spider:4 | Entered Level 4 of the Spider Nest
 29747 | Spider:4 | Identified the +1 war axe of Jeunuoc {antimagic, rF+ Str+6
                  | Int-3}
 29846 | Spider:4 | Noticed Mlioglotl
 29856 | Spider:4 | Killed Mlioglotl
 29856 | Spider:4 | Received a gift from Trog
 30014 | Spider:4 | HP: 8/166 [tarantella[a broodmother] (8)]
 30015 | Spider:4 | Succumbed to a redback's poison

Illustrated notes

Levels and vault maps discovered:
D:1:      kb_arrival_jail, layout_basic, serial_bayou, serial_bayou_ford_a,
          serial_bayou_pond_d, serial_bayou_shore_b, serial_bayou_shore_b
D:2:      layout_basic
D:3:      layout_basic, elyvilon_altar_4, cheibriados_altar_1,
          shapermc_ecumenical_altar_rom_forum, uniq_sigmund
D:4:      layout_cave_pods, nicolae_ossuary_entry_giza, serial_shops,
          nicolae_diamond_shop, shop, nicolae_shop_rolling_square,
          nicolae_shop_pleasant_corner_grove, shop, uniq_blork_the_orc
D:5:      layout_loops_ring, guppyfry_early_lair_pool
D:6:      layout_loops_corners, nzn_overflow_gifts_of_might_and_magic,
          mainiacjoe_overflow_tiny_flanked
D:7:      layout_cave_pools, grunt_temple_overflow_open, temple_green,
          eino_tiny_chamber, minmay_increasing_density
D:8:      layout_rooms, biasface_ghost_orc_armoury
D:9:      layout_roguey, david_orc_4, hellmonk_ghost_happy_afterlife,
          serial_nicolae_subway, nicolae_sub_station_stone,
          nicolae_sub_station_metal, nicolae_sub_station_crystal
D:10:     layout_loops_ring, dpeg_lair_monsters
D:11:     layout_basic, abandoned_shop, uniq_urug
D:12:     layout_loops_ring, special_room [special_room_bee], enter_trove_3,
          serial_shops, shop
D:13:     layout_basic
D:14:     layout_long_grid, skrybe_vaults_entry_preservation
D:15:     grunt_enter_depths_snipers, layout_cave_pools,
          yredelemnul_altar_generic
Temple:   nicolae_temple_bog_church
Lair:1:   layout_layer_cave, uniq_sonja, uniq_joseph
Lair:2:   layout_cave_pods, ebering_ghost_funeral_grove
Lair:3:   layout_roguey, mainiacjoe_swamp_entry_angry_trees, dummy_spider_entry,
          uniq_kirke
Lair:4:   layout_roguey, minmay_slime_entry_oklob_enclosed,
          beast_lair_carwin_10, lemuel_fruit_tree, grunt_megastairs_5,
          serial_bayou_shore_a
Lair:5:   due_jungle_book, layout_regular_city, enter_volcano_2, minivault_24
Spider:1: layout_chambers, uniq_rupert, uniq_azrael
Spider:2: layout_chambers, uniq_jorgrun, uniq_arachne
Spider:3: layout_cave_pods, drop_trap
Spider:4: spider_rune_water, nicolae_spider_circle_web, drop_trap,
          uniq_mlioglotl
Orc:1:    layout_diamond_mine, serial_shops, nicolae_shop_tiny_waterfront,
          regret_index_minedec_devilstone
Orc:2:    st_orc_town, layout_caves

Skill      XL: |  1  2  3  4  5  6  7  8  9 10 11 12 13 14 15 16 17 |
---------------+----------------------------------------------------+-----
Armour         | 4 5 6 7 9 10 11 13 15 16 17 | 17.3
Fighting       | 4 5 6 7 8 10 12 14 16 17 18 | 18.8
Polearms       | 3 4 5 7 8 10 12 14 18 20 | 20.7
Shields        | 4 5 6 7 9 10 12 13 14 15 | 15.3
Dodging        | 1 2 3 4 5 7 8 10 11 12 13 14 15 | 15.8
Throwing       | 1 |  1.0
Evocations     | |  0.9

Action                     |  1- 3 |  4- 6 |  7- 9 | 10-12 | 13-15 | 16-18 || total
---------------------------+-------+-------+-------+-------+-------+-------++-------
  Melee: Trident           |    71 |    24 |       |   363 |       |       ||   458
         Headbutt          |     7 |     4 |    54 |   106 |   207 |   158 ||   536
         Spear             |       |    13 |   332 |     4 |       |       ||   349
         Demon trident     |       |       |       |   224 |  1023 |   759 ||  2006
  Throw: Stone             |       |       |       |       |    20 |     9 ||    29
         Javelin           |       |       |       |       |     7 |       ||     7
 Invoke: Berserk           |       |       |     1 |     4 |     7 |     5 ||    17
         Trog's Hand       |       |       |       |     1 |       |       ||     1
  Evoke: Wand              |       |     5 |       |       |       |       ||     5
    Use: Potion            |       |     2 |       |     3 |     1 |     3 ||     9
         Scroll            |       |     1 |     7 |    19 |     9 |     2 ||    38
   Stab: Distracted        |       |       |     1 |       |       |       ||     1
 Armour: Scale mail        |    36 |    20 |     3 |       |       |       ||    59
         Skin              |       |     4 |       |       |       |       ||     4
         Chain mail        |       |       |    38 |       |       |       ||    38
         Plate armour      |       |       |    70 |   243 |   401 |   431 ||  1145
  Dodge: Dodged            |    24 |    14 |    73 |   121 |   237 |   225 ||   694
         Repelled          |       |       |     2 |     1 |    10 |     2 ||    15
  Block: Buckler           |    18 |     9 |    33 |    42 |       |       ||   102
         Kite shield       |       |       |       |    44 |   406 |   347 ||   797
